Map: Port Aleksander LE

Players

Yocto - Winner!

  • Race: Zerg Zerg
  • Spawn Location: 11:00

johnyt

  • Race: Terran Terran
  • League: Platinum
  • Spawn Location: 5:00

VOD

Have the link to the VOD?

Description

Time

  • Played on: Dec. 20, 2018, 10:35 a.m.
  • Length: 14:07
Show
View Real Time Build Order
Export as new Build Order

Yocto Zerg - Winner!

Build Orders: Hatch First, Muta Ling Bane 

Get SALT Encoding   

  12  0:03  Drone  
  13  0:19  Overlord  
  13  0:20  Drone  
  14  0:41  Drone x2  
  16  0:43  Drone  
  17  1:00  Hatchery  
  16  1:06  Drone  
  16  1:08  Drone  
  16  1:10  Extractor  
  17  1:22  Spawning Pool  
  16  1:25  Drone  
  17  1:36  Drone x2  
  19  1:47  Overlord  
  19  1:58  Drone  
  20  2:13  Queen  
  24  2:16  Extractor  
  24  2:19  Lair  
  24  2:21  Drone x3  
  24  2:28  Drone  
  25  2:30  Drone  
  25  2:35  Zergling x2  
  27  2:41  Zergling x2  
  28  2:47  Metabolic Boost  
  28  2:56  Drone x3  
  31  3:00  Extractor  
  31  3:02  Extractor  
  29  3:07  Drone x2  
  31  3:14  Overlord  
  31  3:19  Queen  
  33  3:32  Queen  
  33  3:33  Spire  
  34  3:42  Drone x3  
  38  3:48  Drone  
  38  3:49  Drone  
  39  3:56  Overlord  
  39  4:12  Overlord  
  39  4:26  Drone x2  
  39  4:27  Drone  
  39  4:29  Overlord  
  42  4:55  Mutalisk x5  
  42  4:56  Mutalisk x2  
  56  5:01  Zergling x4  
  56  5:02  Zergling x2  
  59  5:10  Baneling Nest  
  59  5:11  Zergling x2  
  59  5:12  Zergling x2  
  60  5:22  Spine Crawler  
  60  5:26  Zergling x6  
  62  5:48  Zergling x8  
  62  5:49  Zergling x4  
  68  5:51  Overlord  
  68  5:57  Baneling x6  
  68  6:07  Overlord x2  
  68  6:14  Zergling x6  
  71  6:24  Zergling x8  
  73  6:32  Zergling x4  
  52  6:47  Zergling x4  
  49  6:54  Baneling x4  
  49  6:55  Zergling x2  
  49  6:56  Zergling x2  
  50  7:15  Zergling x4  
  46  7:30  Hatchery  
  46  7:32  Zergling x2  
  46  7:44  Zergling x2  
  46  7:50  Zergling x2  
  49  8:05  Drone x2  
  49  8:06  Drone  
  51  8:23  Zergling x2, Drone  
  53  8:42  Queen  
  53  8:44  Drone x3  
  58  8:55  Drone  
  58  8:56  Drone  
  60  9:04  Drone  
  61  9:17  Drone  
  61  9:18  Queen, Drone x2  
  61  9:19  Centrifical Hooks  
  61  9:20  Hatchery  
  65  9:25  Evolution Chamber  
  63  9:34  Zergling x4  
  65  9:46  Zergling x8  
  65  9:47  Zergling x4  
  65  9:51  Baneling x7  
  71  10:03  Zergling x4  
  71  10:10  Zergling x8  
  71  10:11  Zergling x2  
  76  10:18  Overlord x3  
  76  10:34  Zergling x6  
  66  10:49  Zergling x6  
  70  10:50  Zergling x8  
  70  10:54  Overlord x2  
  73  10:58  Hatchery  
  70  11:07  Zergling x4  
  64  11:31  Zerg Melee Weapons Level 1  
  64  11:36  Zergling x8  
  68  11:55  Extractor  
  68  11:56  Zergling x8  
  68  11:58  Baneling x6  
  68  11:59  Hatchery, Baneling x5  
  70  12:04  Mutalisk x4  
  78  12:11  Drone x2  
  78  12:12  Drone x3  
  83  12:19  Zergling x4  
  85  12:25  Zergling x4  
  85  12:28  Zergling x6  
  90  12:32  Queen  
  92  12:42  Zergling x12  
  98  12:50  Zergling x8  
  102  12:58  Zergling x2  
  102  12:59  Zergling x12  
  109  13:13  Zergling x4  
  109  13:14  Overlord x3  
  109  13:15  Overlord  
  111  13:27  Overlord x3  
  111  13:30  Baneling x4  
  111  13:32  Baneling  
  111  13:33  Baneling  
  111  13:34  Baneling  
  111  13:35  Baneling  
  111  13:36  Baneling  
  111  13:50  Zergling x2  
Show
View Real Time Build Order
Export as new Build Order

johnyt Terran 

Build Orders:  

Get SALT Encoding   

  12  0:01  SCV  
  13  0:13  SCV  
  14  0:21  Supply Depot  
  14  0:25  SCV  
  15  0:43  SCV  
  15  0:44  Barracks  
  16  0:55  SCV  
  17  1:07  SCV  
  18  1:19  SCV  
  18  1:20  Refinery  
  19  1:31  SCV  
  19  1:32  Marine, Supply Depot  
  20  1:35  Barracks  
  21  1:43  SCV  
  22  1:50  Marine  
  23  1:55  SCV  
  23  1:56  Barracks  
  24  2:08  Supply Depot  
  24  2:09  Orbital Command  
  24  2:15  Marine  
  25  2:24  Barracks Tech Lab  
  25  2:28  Barracks  
  25  2:32  Supply Depot  
  25  2:42  Factory  
  25  2:46  Barracks Tech Lab  
  25  2:49  Marine  
  25  2:50  Marine  
  27  3:01  Supply Depot  
  27  3:02  SCV  
  28  3:07  Marine x2  
  28  3:08  Marine, Refinery  
  31  3:14  SCV  
  31  3:15  Barracks Reactor  
  32  3:26  Marauder x2  
  36  3:30  Factory Tech Lab  
  36  3:43  Marine  
  36  3:47  Marine, Marauder  
  40  3:50  Supply Depot  
  40  4:00  Marine  
  40  4:01  Siege Tank  
  44  4:02  Marine  
  44  4:04  Marine  
  44  4:05  Marine  
  47  4:13  Supply Depot  
  47  4:23  Starport  
  47  4:29  Marine x2  
  47  4:30  Marine  
  50  4:37  Marauder  
  52  4:49  Siege Tank  
  52  4:51  Marine  
  56  5:04  Medivac  
  58  5:27  Command Center  
  58  5:34  Medivac  
  60  5:39  Supply Depot  
  60  6:03  Supply Depot  
  59  6:46  Marine x3  
  49  6:47  Marine x2  
  49  6:48  Siege Tank  
  54  7:04  Marine x2  
  54  7:07  Marine x3  
  51  7:20  Siege Tank  
  51  7:21  SCV  
  51  7:22  Marine x2  
  53  7:25  Marine x3  
  52  7:33  SCV  
  50  7:39  Marine, Starport Reactor  
  50  7:40  Marine  
  50  7:42  Marine  
  50  7:43  Marine x2  
  50  7:44  Engineering Bay  
  53  7:53  Combat Shield  
  53  7:57  Marine x2  
  53  8:00  Marine x2  
  53  8:01  Marine  
  56  8:15  Marine x2  
  56  8:18  Marine  
  59  8:38  Missile Turret  
  59  8:41  Missile Turret  
  59  8:49  Missile Turret  
  59  8:59  Missile Turret  
  59  9:12  Missile Turret  
  59  9:22  Missile Turret  
  59  9:31  Missile Turret  
  59  9:34  Medivac  
  61  9:49  Missile Turret  
  61  9:54  Terran Infantry Armor Level 1  
  59  10:15  Marauder x2  
  44  10:37  Marine x2  
  44  10:38  Marine x2  
  44  10:40  Marine  
  34  10:55  Marine x2  
  36  11:09  Marine  
  33  11:12  Medivac  
  33  11:23  Marine  
  33  11:24  Marine x2  
  36  11:32  Concussive Shells  
  36  12:14  Viking  
  36  12:15  Marine x4  
  42  12:33  Marine  
  43  12:49  Command Center  
  43  13:12  Missile Turret  
  43  13:25  Missile Turret  
  43  13:30  Missile Turret  
  43  13:35  Missile Turret  
  43  13:45  SCV  
  43  13:48  Missile Turret  
Tags
 
Composition
Muta Ling Bane
League
Platinum
Matchup
TvZ
Replay Pack
Yocto
Spawn Locations
Cross Positions
Add a new tag
Caveats
  • Supply blocks, unpowered buildings, or Contaminate may cause inaccurate times.
  • Supply counts are checked every 10 seconds.